 Dungeon Crawl Stone Soup version 0.29.1-1-gd02db6906a (webtiles) character file.

Game seed: 3871664068820137253

231737 funnyparkerb the Shatterer (level 18, -4/168 (178) HPs)
             Began as a Minotaur Berserker on Sept 22, 2022.
             Was a High Priest of Trog.
             Slain by a wolf spider (6 damage)
             ... on level 4 of the Spider Nest.
             The game lasted 01:25:16 (33099 turns).

funnyparkerb the Shatterer (Minotaur Berserker)    Turns: 33099, Time: 01:25:17

HP:   -4/168 (178)  AC: 30    Str: 37 (39) XL:     18   Next: 80%
MP:   0/17          EV: 15    Int:  4 (7)  God:    Trog [*****.]
Gold: 1149          SH:  0    Dex: 10 (13) Spells: 17/17 levels left

rFire   + + .      SeeInvis .   L - +10 dark maul {vorpal}
rCold   + . .      Faith    +   (shield currently unavailable)
rNeg    . . .      Spirit   .   z - +1 plate armour {rF+}
rPois   .          Reflect  .   H - +1 hat {Int+3}
rElec   .          Harm     .   X - +3 cloak "Devoah" {rF+}
rCorr   .          Rampage  +   c - +2 pair of gloves of the Barnacle {Rampage Regen+}
Will    +++..                   Q - +2 pair of boots {Fly}
Stlth   ..........              A - amulet of faith
HPRegen 2.18/turn               W - ring "Ogevet" {rC+ Str+6}
MPRegen 0.15/turn               p - +6 ring of strength

@: lethally poisoned (-4 -> -4), about to teleport, strong-willed, flying,
regenerating, studying Evocations, drained, invisible
A: horns 2, retaliatory headbutt
}: 1/15 runes: decaying
a: Renounce Religion, Berserk, Trog's Hand, Brothers in Arms


You were on level 4 of the Spider Nest.
You worshipped Trog.
Trog was extremely pleased with you.
You visited 6 branches of the dungeon, and saw 31 of its levels.
You also visited: Gauntlet.

You collected 3170 gold pieces.
You spent 2021 gold pieces at shops.

Inventory:

Hand Weapons
 L - the +10 dark maul (weapon) {vorpal}
   (You bought it in a shop on level 7 of the Dungeon)

   It inflicts extra damage upon your enemies.
Missiles
 v - 5 throwing nets (quivered)
Armour
 c - the +2 pair of gloves of the Barnacle (worn) {Rampage Regen+}
   (You found it on level 1 of the Lair of Beasts)

   Regen:     It increases your rate of health regeneration.
   Rampage:   It bestows one free step when moving towards enemies.
 z - a +1 plate armour of fire resistance (worn)
 G - +0 fire dragon scales
 H - a +1 hat of intelligence (worn)
 Q - a +2 pair of boots of flying (worn)
 R - the +1 pair of boots "Ginkep" {rF++}
   (You found it on level 3 of the Lair of Beasts)

   rF:        It greatly protects you from fire.
 S - the +2 cloak of the Thief {*Fog Slay-2 SInv Stlth+}
   (You found it on level 1 of the Swamp)

   It may release a thick cloud of smoke when the wearer is hurt.
   Slay:      It affects your accuracy & damage with ranged weapons and melee
   (-2).
   SInv:      It lets you see invisible.
   Stlth:     It makes you more stealthy.
 X - the +3 cloak "Devoah" (worn) {rF+}
   (You found it on level 10 of the Dungeon)

   rF:        It protects you from fire.
Jewellery
 p - a +6 ring of strength (right hand)
 A - an amulet of faith (around neck)
 U - a +4 ring of protection
 W - the ring "Ogevet" (left hand) {rC+ Str+6}
   (You bought it in a shop on level 2 of the Orcish Mines)

   [ring of protection from cold]

   Str:       It affects your strength (+6).
   rC:        It protects you from cold.
 Y - a ring of see invisible
 Z - a ring of willpower
Wands
 d - a wand of iceblast (10)
 m - a wand of polymorph (22)
 q - a wand of mindburst (4)
 r - a wand of flame (51)
 D - a wand of paralysis (47)
 O - a wand of light (12)
Scrolls
 b - 3 scrolls of brand weapon
 e - 3 scrolls of silence
 f - 7 scrolls of blinking {unknown}
 g - 4 scrolls of teleportation
 h - 8 scrolls of magic mapping
 i - 4 scrolls of noise
 n - 9 scrolls of enchant armour {unknown}
 u - 5 scrolls of enchant weapon
 x - 8 scrolls of poison {unknown}
 y - 6 scrolls of amnesia {unknown}
 F - 3 scrolls of summoning
 I - 4 scrolls of immolation
 J - 2 scrolls of torment
 K - 4 scrolls of butterflies
 M - 5 scrolls of fear
Potions
 a - 2 potions of berserk rage
 j - 7 potions of might
 k - 2 potions of resistance
 l - 3 potions of magic
 o - 5 potions of haste
 s - 13 potions of ambrosia
 t - 8 potions of curing
 B - 3 potions of lignification
 C - 4 potions of flight
 E - 8 potions of cancellation
 V - 5 potions of mutation


   Skills:
 + Level 20.3 Fighting
 * Level 25.6 Maces & Flails
 - Level 15.0 Armour
 + Level 18.9 Dodging


You had 17 spell levels left.
You didn't know any spells.
Your spell library was empty.

Dungeon Overview and Level Annotations

Branches:
Dungeon (15/15)            Temple (1/1) D:7            Lair (5/5) D:8
  Swamp (4/4) Lair:3       Spider (4/4) Lair:3        Slime (0/5) Lair:4
    Orc (2/2) D:10            Elf (0/3) Orc:2        Vaults (0/5) D:13
 Depths (0/4) D:15        Gauntlet (visited)

Altars:
Ashenzari
Cheibriados
Dithmenos
Elyvilon
Fedhas
Gozag
Hepliaklqana
Kikubaaqudgha
Makhleb
Nemelex Xobeh
Okawaru
Qazlal
Ru
Sif Muna
Trog
Uskayaw
Vehumet
Wu Jian
Xom
Yredelemnul
Zin
The Shining One
Jiyva
Lugonu

Shops:
D:5 !   D:6 *   D:7 (   Orc:2 [=!!(:

Portals:
Trove: D:10 (give +3 ice dragon scales)

Annotations:
D:7 2 transporters
D:11 2 transporters, Icepheonix32's ghost, journeyman DrFE
Lair:3 exclusion: 3 oklob plants
Lair:4 exclusion: 3 oklob plants
Swamp:3 Roxanne


Innate Abilities, Weirdness & Mutations

You have a pair of horns on your head.
You reflexively headbutt those who attack you in melee.


Message History

Something stings you but does no damage.
Your troll closely misses the redback.
Your troll claws the redback!!
Your troll closely misses the redback.
The pharaoh ant bites you but does no damage.
The redback bites you but does no damage.
The redback barely misses you.
The redback moves out of view.
As you read the scroll of teleportation, it crumbles to dust.
You feel strangely unstable.
You feel sick. The redback completely misses you.
Your troll bites the redback!!
The redback dies!
Trog accepts your kill.
Something hits you but does no damage. x2
Something stings you but does no damage.
The pharaoh ant bites you!
* * * LOW HITPOINT WARNING * * *
You feel drained.
* * * LOW HITPOINT WARNING * * *
The redback barely misses you. The jorogumo simulacrum hits you!
* * * LOW HITPOINT WARNING * * *
The jorogumo simulacrum freezes you! You resist.
* * * LOW HITPOINT WARNING * * *
You fade into invisibility!
You feel sick.
Your troll barely misses the redback.
Your troll claws the redback!
Your troll closely misses the redback.
The redback bites you but does no damage.
The wolf spider barely misses you. You furiously retaliate!
You headbutt the wolf spider. The wolf spider completely misses you.
The redback bites you but does no damage.
The pharaoh ant bites you!!
* * * LOW HITPOINT WARNING * * *
Something hits you but does no damage. x2
Something stings you but does no damage.
The jorogumo simulacrum barely misses you.
You furiously retaliate!
You headbutt the jorogumo simulacrum!
Your troll bites the redback!!
The redback dies!
Trog accepts your kill.
The orb spider closely misses your troll.
The wolf spider misses you. The wolf spider bites you.
You die...

#..^.#...^...#....#
....................
..^...........^... .
..^^...#....s#...^
.#.^.###...###...
##..^#..s..#...##
##...○T..^.^.#
##.{s.^....##
#.Z@ss....#
####Bs'#### ...^#
..^.... ......#
......# .#......#.
#...#.....## .
.^...... .#


You could see a wolf spider (unable to see you), 2 orb spiders, a culicivora
(soul bound, unable to see you), a pharaoh ant (unable to see you), a tarantella
(unable to see you), a redback (unable to see you), a jorogumo simulacrum
(unable to see you) and a friendly troll (summoned, berserk, slow).

Vanquished Creatures
  Bai Suzhen (Swamp:3)
  Arachne (Spider:4)
  Rupert (Lair:4)
  Mlioglotl (Swamp:2)
  Gastronok (D:8)
  Louise (Swamp:1)
  6 ghost moths
  4 emperor scorpions
  An orc warlord (Orc:1)
  The ghost of dornbeast the Grappler, a journeyman TrFi of Nemelex Xobeh (Swamp:1)
  2 entropy weavers
  4 eleionomae
  The ghost of smilodon the Grappler, a journeyman TrFi of Okawaru (Lair:1)
  A minotaur (Gauntlet)
  4 spark wasps
  10 bunyips
  4 fire dragons
  A shambling mangrove (Swamp:3)
  Josephine (Lair:3)
  4 vault guards (D:13)
  Fannar (Orc:1)
  4 ghost crabs
  22 hydras
  A merfolk avatar (Lair:5)
  9 boulder beetles
  5 ogre magi
  2 catoblepae
  21 two-headed ogres
  The ghost of swoooce the Basher, a journeyman GrFi of Makhleb (D:10)
  A radroach (Spider:3)
  3 jorogumos
  2 tengu warriors (D:15)
  7 death yaks (Lair:4)
  4 alligators
  2 orc high priests (Orc:2)
  Sonja (Lair:4)
  Amaemon (D:10)
  A fire crab (shapeshifter) (D:15)
  3 fire crabs (Swamp:4)
  5 sun moths
  10 pharaoh ants
  6 steelbarb worms
  6 goliath frogs
  15 orb spiders
  4 sea snakes (Lair:5)
  7 swamp dragons
  Pikel (D:4)
  6 bog bodies
  2 spriggan druids
  The ghost of Icepheonix32 the Trooper, a novice MiFi of Okawaru (D:7)
  2 wizards (D:15)
  4 orc knights
  A necromancer (D:15)
  17 wolf spiders
  5 deep elf pyromancers
  6 orc sorcerers
  A salamander (shapeshifter) (D:10)
  9 cyclopes
  3 slime creatures (D:15)
  4 ugly things
  5 will-o-the-wisps
  A moth of wrath (Spider:3)
  3 manticores
  2 centaur zombies (D:15)
  25 elephants
  10 black mambas
  2 water nymphs (Swamp:4)
  2 apocalypse crabs (Gauntlet)
  Maggie (D:6)
  A gargoyle (D:10)
  8 torpor snails
  An unseen horror (shapeshifter) (D:15)
  7 cane toads
  2 unseen horrors
  12 komodo dragons
  A centaur skeleton (D:15)
  A yaktaur (D:13)
  Psyche (D:8)
  8 demonic crawlers
  3 tengu conjurers
  11 rime drakes
  2 polar bears
  16 meliai
  2 queen bees
  5 trolls
  A merfolk (shapeshifter) (D:10)
  Grinder (D:4)
  2 wind drakes (Lair:5)
  8 hornets
  10 tyrant leeches
  25 tarantellas
  2 snapping turtles (Lair:5)
  7 blink frogs (Lair:5)
  34 jumping spiders
  16 dream sheep (Lair:5)
  Sigmund (D:2)
  12 culicivoras
  5 shadows
  A vampire (D:12)
  3 water elementals (D:13)
  6 wyverns
  7 spriggans
  5 basilisks
  5 wraiths
  Grum (D:8)
  39 yaks
  47 redbacks
  6 steam dragons
  7 vampire mosquitoes
  Menkaure (D:6)
  17 swamp worms
  2 acid dragons
  11 wargs
  Duvessa (D:7)
  11 water moccasins
  A sky beast (D:6)
  4 swamp drakes (Swamp:4)
  2 ice beasts
  3 black bears
  16 orc warriors
  33 ogres
  16 wolves
  A wolf (shapeshifter) (D:10)
  3 centaurs
  4 lemures
  4 kobold brigands
  A phantom (D:5)
  8 bullfrogs
  4 gnoll sergeants
  3 scorpions
  A necrophage (D:6)
  3 water moccasin zombies (D:5)
  A hornet simulacrum (D:15)
  Dowan (D:7)
  69 killer bees
  7 electric eels
  11 howler monkeys
  A lava snake (Swamp:4)
  8 orc priests
  2 hounds
  A jelly (D:4)
  A gnoll bouda (D:5)
  Terence (D:2)
  Ijyb (D:5)
  3 iguanas
  16 orc wizards
  Natasha (D:3)
  2 hell rats (Lair:4)
  A boggart simulacrum (D:15)
  Robin (D:4)
  24 gnolls
  8 adders
  A white imp (D:6)
  2 ufetubi
  An adder zombie (D:5)
  3 worms
  4 dart slugs
  57 orcs
  8 bats
  3 endoplasms
  3 giant cockroaches
  20 goblins
  17 hobgoblins
  2 jackals (D:1)
  34 kobolds
  3 quokkas
  6 ball pythons
  6 frilled lizards
  10 rats
  A butterfly (Lair:4)
1130 creatures vanquished.

Vanquished Creatures (collateral kills)
  An emperor scorpion (Spider:3)
  A broodmother (Spider:3)
  2 entropy weavers (Spider:3)
  A pharaoh ant (Spider:2)
  A death drake (shapeshifter) (D:10)
  An orb spider (Spider:4)
  A glowing orange brain (D:10)
  A steelbarb worm (Spider:3)
  3 ugly things (D:10)
  An orc sorcerer (Orc:1)
  A wolf spider (Spider:3)
  A torpor snail (Spider:2)
  An orange demon (D:10)
  2 demonic crawlers
  A hornet (Spider:3)
  A tarantella (Spider:2)
  3 culicivoras
  4 jumping spiders
  2 neqoxecs (D:10)
  17 redbacks
  A swamp worm (Swamp:3)
  2 acid dragons (Gauntlet)
  A worm (shapeshifter) (D:10)
50 creatures vanquished.

Vanquished Creatures (others)
  A tarantella (Spider:4)
  A jumping spider (Lair:3)
  A steam dragon (Swamp:4)
  5 swamp drakes (Swamp:4)
  An orc wizard (Orc:1)
  An orc (Orc:1)
  A bush (Lair:5)
  28 foxfires
  24 fungi
  47 plants
  4 withered plants (Gauntlet)
114 creatures vanquished.

Grand Total: 1294 creatures vanquished

Notes
Turn   | Place    | Note
-------+----------+-------------------------------------------
     0 | D:1      | funnyparkerb the Minotaur Berserker began the quest for the
                  | Orb.
     0 | D:1      | Reached XP level 1. HP: 19/19 MP: 0/0
    24 | D:1      | Reached skill level 4 in Maces & Flails
    28 | D:1      | Reached XP level 2. HP: 20/26 MP: 1/1
   324 | D:1      | Reached skill level 5 in Maces & Flails
   561 | D:1      | Reached XP level 3. HP: 28/31 MP: 2/2
   696 | D:1      | Reached ** piety under Trog
  1097 | D:2      | Noticed Sigmund
  1107 | D:2      | Killed Sigmund
  1108 | D:2      | Reached skill level 7 in Maces & Flails
  1108 | D:2      | Reached XP level 4. HP: 23/39 MP: 3/3
  1108 | D:2      | Reached XP level 5. HP: 27/45 MP: 4/4
  1493 | D:2      | Noticed Terence
  1524 | D:2      | Killed Terence
  1525 | D:2      | Reached skill level 8 in Maces & Flails
  2006 | D:2      | Found a faded altar of an unknown god.
  2032 | D:2      | Reached XP level 6. HP: 52/52 MP: 5/5
  2948 | D:3      | Found a radiant altar of Vehumet.
  2948 | D:3      | Noticed Natasha
  2956 | D:3      | Killed Natasha
  2957 | D:3      | Reached *** piety under Trog
  3195 | D:4      | Noticed Pikel
  3378 | D:4      | Killed Pikel
  3379 | D:4      | Reached skill level 5 in Fighting
  3379 | D:4      | Reached XP level 7. HP: 35/62 MP: 6/6
  3661 | D:4      | Reached skill level 5 in Armour
  4138 | D:4      | Noticed Grinder
  4146 | D:4      | Killed Grinder
  4147 | D:4      | Reached skill level 5 in Dodging
  4147 | D:4      | Reached XP level 8. HP: 71/71 MP: 7/7
  4208 | D:4      | Found an ornate altar of the Wu Jian Council.
  4436 | D:4      | Found a white marble altar of Elyvilon.
  4688 | D:4      | Noticed Robin
  4698 | D:4      | Reached **** piety under Trog
  4709 | D:4      | Killed Robin
  4802 | D:5      | Entered Level 5 of the Dungeon
  4802 | D:5      | Found Juatun's Distillery.
  4893 | D:5      | Bought a potion of curing for 45 gold pieces
  4893 | D:5      | Bought a potion of heal wounds for 75 gold pieces
  4893 | D:5      | Bought a potion of curing for 45 gold pieces
  5189 | D:5      | Found a glowing silver altar of Zin.
  5268 | D:5      | Noticed Ijyb
  5272 | D:5      | Killed Ijyb
  5310 | D:5      | Reached XP level 9. HP: 70/81 MP: 8/8
  6162 | D:6      | Noticed Maggie
  6179 | D:6      | Killed Maggie
  6245 | D:6      | Found Zuve Aze's Overcharged Wands.
  6250 | D:6      | Noticed Menkaure
  6260 | D:6      | Killed Menkaure
  6261 | D:6      | Reached skill level 9 in Maces & Flails
  6278 | D:6      | Found an iron altar of Okawaru.
  6395 | D:6      | Noticed a boulder beetle
  6611 | D:6      | Reached skill level 10 in Maces & Flails
  6788 | D:6      | Killed a boulder beetle
  6789 | D:6      | Reached skill level 11 in Maces & Flails
  6789 | D:6      | Reached XP level 10. HP: 23/88 MP: 9/9
  7581 | D:6      | Reached skill level 12 in Maces & Flails
  7837 | D:7      | Found a transporter.
  7849 | D:7      | Noticed Duvessa
  7849 | D:7      | Noticed Dowan
  7870 | D:7      | Killed Duvessa
  7872 | D:7      | Killed Dowan
  7903 | D:7      | Found a transporter.
  7914 | D:7      | Found Hishaic's Weapon Boutique.
  7957 | D:7      | Found a transporter.
  7957 | D:7      | Identified the +2 dire flail of Sufo Nufa {venom, Int+3}
  7957 | D:7      | Noticed Icepheonix32's ghost (novice MiFi)
  7973 | D:7      | Found a staircase to the Ecumenical Temple.
  7982 | Temple   | Entered the Ecumenical Temple
  8108 | D:7      | Found a transporter.
  8133 | D:7      | Reached skill level 13 in Maces & Flails
  8146 | D:7      | Killed Icepheonix32's ghost
  8196 | D:8      | Noticed Gastronok
  8215 | D:8      | Killed Gastronok
  8216 | D:8      | Reached skill level 14 in Maces & Flails
  8273 | D:8      | Found a blossoming altar of Fedhas.
  8376 | D:8      | Found an opulent altar of Gozag.
  8448 | D:8      | Noticed Grum
  8460 | D:8      | Killed Grum
  8560 | D:8      | Noticed Psyche
  8568 | D:8      | Killed Psyche
  8861 | D:8      | Found a staircase to the Lair.
  9012 | D:8      | Found a glowing golden altar of the Shining One.
  9013 | D:8      | Identified the +1 quarterstaff of Biblat {flame, rElec rC+
                  | Will+}
  9109 | D:8      | Reached XP level 11. HP: 84/97 MP: 10/10
  9996 | D:10     | Entered Level 10 of the Dungeon
 10473 | D:10     | Found a broken altar of Ashenzari.
 10552 | D:10     | Found a snail-covered altar of Cheibriados.
 10581 | D:10     | Found a portal to a secret trove of treasure.
 10581 | D:10     | Noticed Amaemon
 10588 | D:10     | Reached skill level 10 in Fighting
 10588 | D:10     | Reached skill level 10 in Armour
 10592 | D:10     | Killed Amaemon
 10727 | D:10     | Found a runed translucent gate.
 10727 | D:10     | Found a runed translucent gate.
 10727 | D:10     | Found a runed translucent gate.
 10727 | D:10     | Noticed a glowing orange brain
 10728 | D:10     | Noticed a cyan ugly thing
 10728 | D:10     | Noticed an ice dragon
 10730 | D:10     | Noticed a cyan ugly thing
 10730 | D:10     | Noticed a purple ugly thing
 10730 | D:10     | Noticed a cyan ugly thing
 10741 | D:10     | Noticed a fire dragon
 10741 | D:10     | an ice dragon changed into a fire dragon
 10743 | D:10     | Noticed a boulder beetle
 10743 | D:10     | a fire dragon changed into a boulder beetle
 10745 | D:10     | Noticed a fire dragon
 10745 | D:10     | a boulder beetle changed into a fire dragon
 10749 | D:10     | Noticed a five-headed hydra
 10749 | D:10     | a fire dragon changed into a five-headed hydra
 10750 | D:10     | Noticed a minotaur
 10750 | D:10     | a five-headed hydra changed into a minotaur
 10751 | D:10     | Noticed an emperor scorpion
 10751 | D:10     | a minotaur changed into an emperor scorpion
 10753 | D:10     | Noticed an azure jelly
 10753 | D:10     | an emperor scorpion changed into an azure jelly
 10757 | D:10     | Noticed a two-headed ogre
 10758 | D:10     | Noticed a sphinx
 10758 | D:10     | an azure jelly changed into a sphinx
 10789 | D:10     | HP: 3/100 [something (24)]
 11146 | D:9      | Reached skill level 10 in Dodging
 11436 | D:10     | Found a stormy altar of Qazlal.
 11436 | D:10     | Found a faded altar of an unknown god.
 11483 | D:10     | Found a bloodstained altar of Trog.
 11485 | D:10     | Found a basalt altar of Yredelemnul.
 11487 | D:10     | Found a sparkling altar of Nemelex Xobeh.
 11561 | D:10     | Identified the +2 leather armour of the Disbelieving Gods
                  | {rN+ Str-3 Int+6}
 11784 | D:10     | Found a staircase to the Orcish Mines.
 11987 | D:11     | Noticed a boulder beetle
 12007 | D:11     | Killed a boulder beetle
 12110 | D:11     | Found a transporter.
 12116 | D:11     | Noticed a two-headed ogre
 12136 | D:11     | Killed a two-headed ogre
 12300 | D:11     | Found a transporter.
 12346 | D:11     | Noticed a cyan ugly thing
 12352 | D:11     | Killed a cyan ugly thing
 12481 | D:11     | Noticed a deep elf pyromancer
 12495 | D:11     | Killed a deep elf pyromancer
 12586 | D:11     | Reached XP level 12. HP: 54/110 MP: 11/11
 12800 | D:11     | Noticed Icepheonix32's ghost (journeyman DrFE)
 13174 | D:11     | Noticed a seven-headed hydra
 13188 | D:11     | Killed a seven-headed hydra
 13703 | Lair:1   | Entered Level 1 of the Lair of Beasts
 13703 | Lair:1   | Noticed a boulder beetle
 13716 | Lair:1   | Killed a boulder beetle
 13976 | Lair:1   | Reached ***** piety under Trog
 14068 | Lair:1   | Noticed a boulder beetle
 14082 | Lair:1   | Killed a boulder beetle
 14183 | Lair:1   | Found a runed translucent door.
 14183 | Lair:1   | Noticed smilodon's ghost (journeyman TrFi)
 14201 | Lair:1   | Noticed a six-headed hydra
 14209 | Lair:1   | Killed a six-headed hydra
 14270 | Lair:1   | Found a broken altar of Ashenzari.
 14319 | Lair:1   | Identified the +2 pair of gloves of the Barnacle {Rampage
                  | Regen+}
 14928 | Lair:1   | Killed smilodon's ghost
 15051 | Lair:2   | Noticed an eight-headed hydra
 15062 | Lair:2   | Killed an eight-headed hydra
 15214 | Lair:2   | Found a gate leading to a gauntlet.
 15235 | Gauntlet | Entered a Gauntlet
 15235 | Gauntlet | Found a transporter.
 15235 | Gauntlet | Found a transporter.
 15242 | Gauntlet | Found a transporter.
 15245 | Gauntlet | Found a transporter.
 15248 | Gauntlet | Found a transporter.
 15248 | Gauntlet | Found a transporter.
 15326 | Gauntlet | Found a transporter.
 15353 | Gauntlet | Found a transporter.
 15377 | Gauntlet | Found a transporter.
 15377 | Gauntlet | Found a transporter.
 15394 | Gauntlet | Found a transporter.
 15404 | Gauntlet | Found a transporter.
 15414 | Gauntlet | Reached XP level 13. HP: 110/123 MP: 12/12
 15419 | Gauntlet | Found a transporter.
 15437 | Gauntlet | Identified the -1 helmet of Quokef {-Cast rPois rF+ Will+}
 15483 | Gauntlet | Noticed a minotaur
 15496 | Gauntlet | Killed a minotaur
 15511 | Gauntlet | Identified the +1 robe "Damnable Contraption" {Int+4}
 15511 | Gauntlet | Identified the +3 leather armour of Compression {rElec
                  | rPois Int-2 Dex+6}
 16426 | D:7      | Bought the +10 dark maul {vorpal} for 933 gold pieces
 16426 | D:7      | Found the +10 dark maul {vorpal}
 16927 | Lair:3   | Found a hole to the Spider Nest.
 17079 | Lair:3   | Identified the +1 pair of boots "Ginkep" {rF++}
 17171 | Lair:3   | Found a staircase to the Swamp.
 17327 | Lair:3   | Noticed Josephine
 17331 | Lair:3   | Killed Josephine
 17562 | Lair:4   | Noticed Sonja
 17566 | Lair:4   | Killed Sonja
 17567 | Lair:4   | Reached skill level 15 in Fighting
 17744 | Lair:4   | Found a viscous altar of Jiyva.
 17746 | Lair:4   | Found a staircase to the Slime Pits.
 17811 | Lair:4   | Reached skill level 15 in Maces & Flails
 17824 | Lair:4   | Noticed Rupert
 17831 | Lair:4   | Killed Rupert
 17850 | Lair:4   | Received a gift from Trog
 18102 | Lair:4   | Reached XP level 14. HP: 80/131 MP: 13/13
 18185 | Lair:4   | Reached skill level 15 in Dodging
 18187 | Lair:4   | Reached skill level 16 in Maces & Flails
 18771 | Lair:5   | Entered Level 5 of the Lair of Beasts
 18795 | Lair:4   | Received a gift from Trog
 18890 | Lair:4   | Reached skill level 17 in Maces & Flails
 18989 | Lair:5   | Reached skill level 18 in Maces & Flails
 19282 | Lair:5   | Reached skill level 19 in Maces & Flails
 19795 | Lair:5   | Reached ****** piety under Trog
 20237 | D:12     | Reached XP level 15. HP: 144/144 MP: 14/14
 20322 | D:12     | Identified the +9 dire flail of Free Will {flame, Str+7}
                  | (Trog gifted it to you on level 12 of the Dungeon)
 20322 | D:12     | Received a gift from Trog
 20838 | D:13     | Found a corrupted altar of Lugonu.
 21556 | Orc:1    | Entered Level 1 of the Orcish Mines
 21729 | Orc:2    | Entered Level 2 of the Orcish Mines
 21753 | Orc:2    | Reached skill level 20 in Maces & Flails
 21816 | Orc:2    | Received a gift from Trog
 21850 | Orc:1    | Noticed an orc warlord
 21885 | Orc:1    | Killed an orc warlord
 21941 | Orc:1    | Noticed Fannar
 21947 | Orc:1    | Killed Fannar
 21993 | Orc:1    | You fall into a shaft and drop 1 floor!
 22171 | Orc:2    | Found a staircase to the Elven Halls.
 22343 | Orc:1    | Received a gift from Trog
 22621 | Orc:2    | Found Ureykk's Antique Armour Shop.
 22628 | Orc:2    | Found Leren's Jewellery Emporium.
 22876 | Orc:2    | Received a gift from Trog
 22889 | Orc:2    | Bought the ring "Ogevet" {rC+ Str+6} for 535 gold pieces
 23008 | Orc:2    | Reached skill level 21 in Maces & Flails
 23014 | Orc:2    | Found Ebedwaex's Distillery.
 23014 | Orc:2    | Found Joasuih's Weapon Boutique.
 23014 | Orc:2    | Found Jeff's Distillery.
 23014 | Orc:2    | Found Ecvor's Book Emporium.
 23021 | Orc:2    | Bought a potion of haste for 100 gold pieces
 23021 | Orc:2    | Bought a potion of curing for 30 gold pieces
 23021 | Orc:2    | Bought a potion of curing for 30 gold pieces
 23022 | Orc:2    | Bought a potion of curing for 36 gold pieces
 23022 | Orc:2    | Bought a potion of heal wounds for 60 gold pieces
 23022 | Orc:2    | Bought a potion of curing for 36 gold pieces
 23022 | Orc:2    | Bought a potion of curing for 36 gold pieces
 23022 | Orc:2    | Bought a potion of heal wounds for 60 gold pieces
 23303 | D:10     | Reached XP level 16. HP: 155/155 MP: 15/15
 23305 | D:10     | Found a runed translucent gate.
 23305 | D:10     | Found a runed translucent gate.
 23308 | D:10     | Noticed swoooce's ghost (journeyman GrFi)
 23311 | D:10     | Found a runed translucent gate.
 23324 | D:10     | Killed swoooce's ghost
 23433 | D:10     | Identified the +3 cloak "Devoah" {rF+}
 23919 | D:13     | Paralysed by an ogre mage for 4 turns
 24026 | D:13     | Found a gate to the Vaults.
 24867 | D:15     | Entered Level 15 of the Dungeon
 25259 | D:15     | Received a gift from Trog
 25350 | D:15     | Found a staircase to the Depths.
 25756 | Swamp:1  | Entered Level 1 of the Swamp
 25889 | Swamp:1  | You are sucked into a shaft and drop 1 floor!
 25889 | Swamp:2  | Noticed Mlioglotl
 25892 | Swamp:2  | Noticed Louise
 25894 | Swamp:2  | Killed Mlioglotl
 25895 | Swamp:2  | Reached skill level 22 in Maces & Flails
 26226 | Swamp:1  | Found a large runed translucent door.
 26226 | Swamp:1  | Found a large runed translucent door.
 26228 | Swamp:1  | Noticed dornbeast's ghost (journeyman TrFi)
 26228 | Swamp:1  | Found the +2 cloak of the Thief {*Fog Slay-2 SInv Stlth+}
 26234 | Swamp:1  | Killed dornbeast's ghost
 26404 | Swamp:1  | Killed Louise
 26740 | Swamp:2  | Found an ancient bone altar of Kikubaaqudgha.
 27221 | Swamp:3  | Received a gift from Trog
 27455 | Swamp:3  | Identified Roxanne's Verses on Reformation
 27455 | Swamp:3  | Noticed Roxanne
 27841 | Swamp:3  | Reached XP level 17. HP: 165/165 MP: 16/16
 27856 | Swamp:4  | Entered Level 4 of the Swamp
 27908 | Swamp:3  | Reached skill level 15 in Armour
 27913 | Swamp:4  | Noticed Bai Suzhen
 27997 | Swamp:3  | Killed Bai Suzhen
 28444 | Swamp:4  | Reached skill level 23 in Maces & Flails
 28474 | Swamp:4  | Received a gift from Trog
 28950 | Swamp:4  | Got a decaying rune of Zot
 29198 | Spider:1 | Entered Level 1 of the Spider Nest
 29798 | Spider:1 | Identified the +1 great mace "Qiupseah" {flame, rElec rF+++
                  | rCorr} (Trog gifted it to you on level 1 of the Spider
                  | Nest)
 29798 | Spider:1 | Received a gift from Trog
 30513 | Spider:2 | Reached skill level 24 in Maces & Flails
 31112 | Spider:2 | Reached XP level 18. HP: 115/167 MP: 17/17
 31843 | Spider:4 | Entered Level 4 of the Spider Nest
 32014 | Spider:3 | Reached skill level 25 in Maces & Flails
 32250 | Spider:4 | Noticed Arachne
 32320 | Spider:4 | Killed Arachne
 32871 | Spider:4 | Paralysed by a jorogumo for 1 turns
 33099 | Spider:4 | HP: 2/168 [pharaoh ant (20)]
 33099 | Spider:4 | Slain by a wolf spider

Illustrated notes

Levels and vault maps discovered:
D:1:      scummos_arrival_simple_fountains, layout_basic, grunt_decor_junction
D:2:      minmay_recursive_quarters, layout_loops_corners,
          chequers_ecumenical_altar_simple_redux, uniq_terence, uniq_sigmund
D:3:      layout_loops_ring, vehumet_altar_wand_db, uniq_natasha
D:4:      corexii_shantytown, layout_basic, nzn_wu_jian_council_hall,
          minmay_ruined_shrine, uniq_robin, uniq_pikel, uniq_grinder
D:5:      layout_loops_ring, mainiacjoe_overflow_paths, serial_shops, shop,
          serial_undead, serial_undead_d, serial_undead_e, serial_undead_c,
          serial_undead_b, chequers_big_river, uniq_ijyb
D:6:      layout_basic, kennysheep_okawaru_gauntlet,
          nicolae_shop_overcharged_wands, uniq_menkaure, uniq_maggie
D:7:      gammafunk_steamed_eel, layout_rooms, minmay_temple_entry_mini_moons,
          gammafunk_ghost_smash, serial_shops,
          nicolae_shop_bloodbath_and_beyond, uniq_duvessa
D:8:      layout_loops_ring, kennysheep_mini,
          mainiacjoe_overflow_catch_the_wave, lair_entry_dummy, serial_aquarium,
          aquarium_bridge_square [aquarium_subvault_bridge,
          aquarium_subvault_bridge, aquarium_subvault_bridge,
          aquarium_subvault_window], aquarium_window_2, aquarium_window_fake,
          aquarium_window_1, aquarium_window_corridor_2, aquarium_view_2a,
          uniq_psyche, uniq_gastronok, uniq_grum
D:9:      layout_basic
D:10:     layout_cave_pools, mainiacjoe_overflow_big_doors,
          chequers_temple_overflow_minitemple, hiddenorc1_lemuel, enter_trove_6,
          ploomutoo_gammafunk_ghost_potion_laboratory, serial_glass,
          glass_columns_a, glass_columns_c, abandoned_shop, grunt_ministairs_14,
          minmay_increasing_density, uniq_amaemon
D:11:     layout_irregular_city, gammafunk_ghost_stat_death,
          nicolae_zen_rock_garden
D:12:     layout_roguey [special_room_bee]
D:13:     layout_basic, grunt_vaults_entry_fortified, tgw_lugonu_bribe
D:14:     layout_rooms, hex_intersection
D:15:     grunt_enter_depths_magical_seal, layout_basic,
          hangedman_decor_slide_cut
Temple:   kb_temple_of_zot
Lair:1:   layout_hall_layers, ebering_ghost_reflecting_pool, enter_volcano_4,
          basic_altar
Lair:2:   layout_regular_city, gauntlet_entry_generic,
          nicolae_lair_grove_arrangements
Lair:3:   layout_cave_pods, skrybe_swamp_entry_bodies, dummy_spider_entry,
          bh_autumn_forest_stairs, dpeg_oklob_1, grunt_megastairs_3,
          serial_bayou_shore_b, uniq_josephine
Lair:4:   hangedman_what_comes_after_a, layout_big_grid,
          minmay_slime_entry_oklob_enclosed, grunt_megastairs_4,
          lemuel_fruit_fields, uniq_sonja, uniq_rupert
Lair:5:   gammafunk_lair_ancient_temple, layout_hall_layers, lemuel_old_faithful
Swamp:1:  layout_basic_swamp, ebering_ghost_disaster_area,
          evilmike_swamp_ruin_house_5
Swamp:2:  nicolae_swamp_ascending_descending, layout_basic_swamp,
          nicolae_swamp_godswood, uniq_mlioglotl, uniq_louise
Swamp:3:  layout_basic_swamp, evilmike_swamp_ruin_house_6, swamp_pool1,
          nicolae_swamp_dense_foliage, uniq_roxanne
Swamp:4:  swamp_fiery, layout_basic_swamp, nicolae_swamp_nymph_family_reunion,
          infiniplex_staircase_pool, uniq_bai_suzhen
Spider:1: layout_spider_delve
Spider:2: layout_spider_delve
Spider:3: nicolae_spider_corner, nicolae_spider_cling_halls
Spider:4: johnstein_spider_rune_arachne_lair
Orc:1:    layout_caves, uniq_fannar
Orc:2:    st_orc_ogre_mass, layout_caves, basic_altar, guppyfry_orc_lava_fort

Skill      XL: |  1  2  3  4  5  6  7  8  9 10 11 12 13 14 15 16 17 18 |
---------------+-------------------------------------------------------+-----
Maces & Flails | 4 5 7 8 11 14 15 19 21 22 24 25 | 25.6
Fighting       | 5 6 8 9 11 13 15 16 17 18 19 20 | 20.3
Armour         | 4 5 7 8 9 11 12 13 14 15 | 15.0
Dodging        | 4 5 6 8 10 13 14 15 16 18 | 18.9

Action                   |  1- 3 |  4- 6 |  7- 9 | 10-12 | 13-15 | 16-18 || total
-------------------------+-------+-------+-------+-------+-------+-------++-------
Melee: Mace              |    55 |    47 |       |       |       |       ||   102
       Headbutt          |     9 |    19 |    56 |   110 |    92 |    86 ||   372
       Flail             |       |    92 |   252 |    68 |       |       ||   412
       Punch             |       |       |     4 |     2 |       |       ||     6
       Dire flail        |       |       |       |   456 |    82 |       ||   538
       Maul              |       |       |       |       |   502 |   650 ||  1152
Throw: Throwing net      |       |       |       |       |     1 |       ||     1
Invok: Berserk           |       |     1 |     3 |     5 |     4 |     1 ||    14
       Trog's Hand       |       |       |     4 |    10 |     7 |    13 ||    34
       Brothers in Arms  |       |       |     2 |     2 |     5 |    19 ||    28
Evoke: Wand              |       |       |       |     3 |       |     3 ||     6
  Use: Scroll            |       |       |       |    15 |     9 |     9 ||    33
       Potion            |       |       |       |     2 |     4 |    10 ||    16
 Stab: Distracted        |       |       |       |     1 |       |     2 ||     3
Armor: Animal skin       |     6 |       |       |       |       |       ||     6
       Leather armour    |    11 |     8 |       |       |       |       ||    19
       Scale mail        |       |    36 |    11 |       |       |       ||    47
       Skin              |       |     6 |       |       |       |       ||     6
       Plate armour      |       |       |   102 |   224 |   565 |  1095 ||  1986
Dodge: Dodged            |    37 |    77 |   117 |   325 |  1002 |  1209 ||  2767
